 Dungeon Crawl Stone Soup version 0.26-a0-660-gc07710193c (webtiles) character file.

Game seed: 478536063543406489

79 jiml777 the Grasshopper (level 4, -1/38 HPs)
             Began as a Gnoll Warper on Oct 5, 2020.
             Succumbed to Terence's poison
             ... on level 2 of the Dungeon.
             The game lasted 00:07:30 (1655 turns).

jiml777 the Grasshopper (Gnoll Warper)              Turns: 1655, Time: 00:07:31

Health: -1/38      AC:  5    Str: 13    XL:     4   Next: 37%
Magic:  6/11       EV: 14    Int: 17    God:
Gold:   112        SH:  0    Dex: 14    Spells: 13/13 levels left

rFire    + . .     SeeInvis .   i - +1 dagger (flame)
rCold    . . .     Faith    .   (no shield)
rNeg     . . .     Spirit   +   b - +0 leather armour
rPois    .         Reflect  .   (no helmet)
rElec    .         Harm     .   (no cloak)
rCorr    .         Rampage  .   f - +1 pair of gloves
MR       .....                  (no boots)
Stlth    +.........             w - amulet of guardian spirit
HPRegen  0.12/turn              j - ring of protection from fire
MPRegen  0.12/turn              r - +4 ring of slaying

@: brilliant, lethally poisoned (-1 -> -33)
A: distributed training, fangs 1, strong nose
a: no special abilities


You were on level 2 of the Dungeon.
You visited 1 branch of the dungeon, and saw 3 of its levels.

You collected 112 gold pieces.

Inventory:

Hand Weapons
 a - a +0 hand axe
 i - a +1 dagger of flaming (weapon)
Missiles
 e - 5 boomerangs of dispersal (quivered)
 l - 34 bolts
 n - 17 arrows
 o - 3 silver boomerangs
 y - 11 poisoned darts
Armour
 b - a +0 leather armour (worn)
 f - a +1 pair of gloves (worn)
 k - a +0 chain mail
Jewellery
 j - a ring of protection from fire (left hand)
 r - a +4 ring of slaying (right hand)
 s - an uncursed ring of protection from cold
 w - an amulet of guardian spirit (around neck)
Scrolls
 d - 2 scrolls of blinking
 z - a scroll of fog
Potions
 m - a potion of heal wounds {unknown}
 p - a potion of magic {unknown}
 t - 2 potions of stabbing
 v - a potion of degeneration {unknown}
 x - a potion of berserk rage {unknown}


   Skills:
 + Level 4.6 Fighting
 + Level 1.1 Short Blades
 + Level 1.1 Long Blades
 + Level 4.6 Axes
 + Level 1.1 Maces & Flails
 + Level 1.1 Polearms
 + Level 1.1 Staves
 + Level 1.1 Slings
 + Level 1.1 Bows
 + Level 1.1 Crossbows
 + Level 2.7 Throwing
 + Level 2.7 Armour
 + Level 4.6 Dodging
 + Level 1.1 Stealth
 + Level 1.1 Shields
 + Level 1.1 Unarmed Combat
 + Level 5.0 Spellcasting
 + Level 0.8 Conjurations
 + Level 0.8 Hexes
 + Level 0.8 Summonings
 + Level 0.8 Necromancy
 + Level 5.4 Translocations
 + Level 0.8 Transmutations
 + Level 0.8 Fire Magic
 + Level 0.8 Ice Magic
 + Level 0.8 Air Magic
 + Level 0.8 Earth Magic
 + Level 0.8 Poison Magic
 + Level 1.2 Invocations
 + Level 1.1 Evocations


You had 13 spell levels left.
You didn't know any spells.
Your spell library contained the following spells:

 Spells                   Type           Power        Failure   Level
 Blink                    Tloc           N/A          2%          2
 Gell's Gravitas          Tloc           ####......   5%          3
 Lesser Beckoning         Tloc           ####......   5%          3
 Teleport Other           Tloc           ####....     5%          3
 Passage of Golubria      Tloc           N/A          19%         4


Dungeon Overview and Level Annotations

Branches:
Dungeon (3/15)

Altars:
Elyvilon
Hepliaklqana

Annotations:
D:2 Terence


Innate Abilities, Weirdness & Mutations

Your experience applies equally to all skills.
You have very sharp teeth.
Your uncanny sense of smell can sniff out nearby items.


Message History

You closely miss Terence.
Terence is moderately wounded.
You feel sick. Terence barely misses you.
You barely miss Terence. You bite Terence, but do no damage.
Terence is moderately wounded.
* * * LOW HITPOINT WARNING * * *
You feel very sick. Terence misses you.
* * * LOW HITPOINT WARNING * * *
You feel sick.
Terence hits you with a +1 hand axe of venom.
* * * LOW HITPOINT WARNING * * *
You are more poisoned.
You climb upwards.
* * * LOW HITPOINT WARNING * * *
You feel very sick.
There is a stone staircase leading down here.
It was a potion of brilliance.
You feel clever all of a sudden.
You die...

.............###.#
..............##.#
............#.##.#
............#..#.#
#######'#)..##.#.#
#.#...##...#
#.#...###..#
#######.#...# #@.#
........#...# #.@#
############# ####


You could see Terence.

Vanquished Creatures
  3 adders
  A worm (D:2)
  A dart slug (D:1)
  2 leopard geckos
  A giant cockroach (D:2)
  5 goblins
  3 hobgoblins
  4 jackals (D:2)
  7 kobolds
  A quokka (D:2)
  A ball python (D:3)
  10 bats
  3 frilled lizards (D:1)
  2 rats
44 creatures vanquished.

Notes
Turn   | Place    | Note
-------+----------+-------------------------------------------
     0 | D:1      | jiml777 the Gnoll Warper began the quest for the Orb.
     0 | D:1      | Reached XP level 1. HP: 20/20 MP: 6/6
    86 | D:1      | Reached XP level 2. HP: 24/26 MP: 7/7
   725 | D:1      | Reached XP level 3. HP: 26/31 MP: 9/9
   932 | D:2      | Reached skill level 5 in Spellcasting
   969 | D:2      | Reached skill level 1 in Invocations
  1159 | D:2      | Reached skill level 1 in Short Blades
  1159 | D:2      | Reached skill level 1 in Long Blades
  1159 | D:2      | Reached skill level 1 in Maces & Flails
  1159 | D:2      | Reached skill level 1 in Polearms
  1159 | D:2      | Reached skill level 1 in Staves
  1159 | D:2      | Reached skill level 1 in Slings
  1159 | D:2      | Reached skill level 1 in Bows
  1159 | D:2      | Reached skill level 1 in Crossbows
  1159 | D:2      | Reached skill level 1 in Stealth
  1159 | D:2      | Reached skill level 1 in Shields
  1159 | D:2      | Reached skill level 1 in Unarmed Combat
  1159 | D:2      | Reached skill level 1 in Evocations
  1163 | D:2      | Found a hazy altar of Hepliaklqana.
  1171 | D:2      | Found a white marble altar of Elyvilon.
  1222 | D:2      | Reached XP level 4. HP: 38/38 MP: 11/11
  1402 | D:3      | Noticed Terence
  1655 | D:2      | Succumbed to Terence's poison

Illustrated notes

Levels and vault maps discovered:
D:1:      lemuel_arrival_broad_hall, layout_basic
D:2:      layout_basic, lemuel_crystal_altar, elyvilon_altar_5
D:3:      layout_rooms, minmay_randomly_rotated_circles, uniq_terence

Skill      XL: |  1  2  3 |
---------------+----------+-----
Spellcasting   | 5 |  5.0
Invocations    | 1 |  1.2
Short Blades   | 1 |  1.1
Long Blades    | 1 |  1.1
Maces & Flails | 1 |  1.1
Polearms       | 1 |  1.1
Staves         | 1 |  1.1
Slings         | 1 |  1.1
Bows           | 1 |  1.1
Crossbows      | 1 |  1.1
Stealth        | 1 |  1.1
Shields        | 1 |  1.1
Unarmed Combat | 1 |  1.1
Evocations     | 1 |  1.1
Fighting       | |  4.6
Axes           | |  4.6
Throwing       | |  2.7
Armour         | |  2.7
Dodging        | |  4.6
Conjurations   | |  0.8
Hexes          | |  0.8
Summonings     | |  0.8
Necromancy     | |  0.8
Translocations | |  5.4
Transmutations | |  0.8
Fire Magic     | |  0.8
Ice Magic      | |  0.8
Air Magic      | |  0.8
Earth Magic    | |  0.8
Poison Magic   | |  0.8

Action                   |  1- 3 |  4- 6 || total
-------------------------+-------+-------++-------
Melee: Hand axe          |    28 |       ||    28
       Bite              |     9 |     6 ||    15
       Dagger            |    67 |    35 ||   102
  Use: Scroll            |       |     4 ||     4
       Potion            |       |     3 ||     3
Armor: Leather armour    |     9 |       ||     9
       Chain mail        |    37 |    18 ||    55
Dodge: Dodged            |    40 |    14 ||    54

Table legend: (Time is in decaauts)
 A = Elapsed time spent in this place.
 B = Non-inter-level travel time spent in this place.
 C = Inter-level travel time spent in this place.
 D = Time resting spent in this place.
 E = Time spent auto-exploring this place.
 F = Levels seen in this place.
 G = Mean time per level.
                   A        B        C        D        E       F      G
               +--------+--------+--------+--------+--------+-----+--------+
         Total |   1651 |   1651 |      0 |    188 |    911 |   3 |  550.3 |
       Dungeon |   1651 |   1651 |      0 |    188 |    911 |   3 |  550.3 |
               +--------+--------+--------+--------+--------+-----+--------+

Top non-repeatable levels by time:
     D:1: 921 daAuts
     D:2: 676 daAuts
     D:3: 53 daAuts
